 Dungeon Crawl Stone Soup version 0.30.0-19-g36f170ea60 (webtiles) character file.

Game seed: 6455699455137439575

457 Graphine the Magician (level 6, 0/32 HPs)
             Began as a Deep Elf Fire Elementalist on June 1, 2023.
             Slain by a black bear (7 damage)
             ... on level 4 of the Dungeon.
             The game lasted 00:10:25 (3185 turns).

Graphine the Magician (Deep Elf Fire Elementalist)  Turns: 3185, Time: 00:10:26

Health: 0/32       AC:  4    Str:  5    XL:     6   Next: 77%
Magic:  4/16       EV: 13    Int: 22    God:
Gold:   193        SH:  3    Dex: 15    Spells: 13/16 levels left

rFire   + . .        l - staff of fire
rCold   . . .        i - +0 buckler
rNeg    . . .        a - +0 robe
rPois   .            (no helmet)
rElec   .            (no cloak)
rCorr   .            n - +1 pair of gloves
SInv    .            (no boots)
Will    .....        (no amulet)
Stlth   ++           r - ring of wizardry
HPRegen 0.25/turn    (no ring)
MPRegen 0.15/turn

%: wizardry (x1)
@: no status effects
A: no striking features
a: no special abilities


You were on level 4 of the Dungeon.
You visited 1 branch of the dungeon, and saw 4 of its levels.

You collected 193 gold pieces.

Inventory:

Hand Weapons
 j - a +0 dagger
 o - a +0 arbalest
Missiles
 h - 2 javelins
 p - a throwing net
Armour
 a - a +0 robe (worn)
 d - a scarf of shadows
 i - a +0 buckler (worn)
 n - a +1 pair of gloves (worn)
Magical Staves
 l - a staff of fire (weapon)
Jewellery
 r - a ring of wizardry (left hand)
Wands
 q - a wand of roots (12)
Scrolls
 k - a scroll of magic mapping
 m - 2 scrolls of vulnerability {unknown}
 u - a scroll of poison {unknown}
 v - 3 scrolls of enchant weapon {unknown}
 w - a scroll of identify
Potions
 b - a potion of magic
 c - 2 potions of cancellation {unknown}
 e - 2 potions of attraction
 f - 2 potions of brilliance
 g - 2 potions of curing
 s - a potion of heal wounds {unknown}
 t - a potion of mutation {unknown}
 x - a potion of resistance {unknown}


   Skills:
 - Level 1.1 Ranged Weapons
 * Level 5.0 Dodging
 - Level 2.7 Stealth
 * Level 5.6 Spellcasting
 - Level 1.4 Conjurations
 * Level 5.2 Fire Magic
 * Level 2.1 Evocations


You had 13 spell levels left.
You knew the following spells:

 Your Spells              Type           Power      Damage    Failure   Level
a - Foxfire               Conj/Fire      100%       2x1d9     1%          1
b - Scorch                Fire           86%        2d8       1%          2

Your spell library contained the following spells:

 Spells                   Type           Power      Damage    Failure   Level
 Magic Dart               Conj           48%        1d5       4%          1
 Searing Ray              Conj           24%        2d5       6%          2
 Inner Flame              Hex/Fire       26%        N/A       8%          3
 Volatile Blastmotes      Fire/Tloc      52%        2d14      8%          3
 Hailstorm                Conj/Ice       9%         3d4       16%         3
 Flame Wave               Conj/Fire      31%        2d9       17%         4
 Fulminant Prism          Conj/Hex       4%         3d5       45%         4
 Ice Form                 Ice/Tmut       6%         N/A       56%         4
 Simulacrum               Ice/Necr       3%         N/A       100%        6


Dungeon Overview and Level Annotations

Branches:
Dungeon (4/15)
 Temple: D:4-7

Altars:


Message History

The adder barely misses you.
Casting: Foxfire (safe; 1% risk of failure)
Confirm with . or Enter, or press ? or * to list all spells.
You feel a surge of power!
You conjure some foxfire!
The adder bites you. The adder bites you but does no damage.
Your foxfire dissipates!
The foxfire hits the adder.
You kill the adder!
Casting: Foxfire (safe; 1% risk of failure)
Confirm with . or Enter, or press ? or * to list all spells.
You feel a surge of power!
You conjure some foxfire!
The black bear completely misses you. The black bear barely misses you. x2
The foxfire hits the black bear.
The black bear is lightly wounded.
The foxfire hits the black bear but does no damage.
The black bear is lightly wounded.
Your foxfire dissipates!
The black bear bites you. The black bear closely misses you. x2
Casting: Foxfire (safe; 1% risk of failure)
Confirm with . or Enter, or press ? or * to list all spells.
You feel a surge of power!
You conjure some foxfire!
The black bear bites you.
The black bear claws you but does no damage.
The black bear misses you.
The foxfire hits the black bear!
The black bear is heavily wounded.
The black bear closely misses you. You block the black bear's attack.
The black bear claws you but does no damage.
Casting: Foxfire (safe; 1% risk of failure)
Confirm with . or Enter, or press ? or * to list all spells.
You feel a surge of power!
You conjure some foxfire!
The black bear bites you.
* * * LOW HITPOINT WARNING * * *
The black bear claws you.
* * * LOW HITPOINT WARNING * * *
The black bear claws you.
* * * LOW HITPOINT WARNING * * *
Your foxfire dissipates!
Casting: Foxfire (safe; 1% risk of failure)
Confirm with . or Enter, or press ? or * to list all spells.
You feel a surge of power!
You conjure some foxfire!
The black bear bites you!
You die...

. .. #. #..
#### #..##..
#..hv## ##@v#
#vv§# #.#.#
#.#.# #######
#####.#..
##.....#
####.....####
#.......
###....#####
........
#...####
.......†
#.###
........


You could see a black bear (ally target).

Vanquished Creatures
  An ice beast (D:4)
  A bullfrog (D:4)
  A jelly (D:4)
  Natasha (D:2)
  2 iguanas (D:4)
  Robin (D:4)
  8 adders
  2 gnolls (D:4)
  3 dart slugs
  2 orcs (D:3)
  5 ball pythons
  5 bats
  6 endoplasms
  2 giant cockroaches (D:1)
  14 goblins
  11 hobgoblins
  5 jackals (D:3)
  5 quokkas
  10 frilled lizards
  2 kobolds
  5 rats
92 creatures vanquished.

Vanquished Creatures (others)
  216 foxfires
216 creatures vanquished.

Grand Total: 308 creatures vanquished

Notes
Turn   | Place    | Note
-------+----------+-------------------------------------------
     0 | D:1      | Graphine the Deep Elf Fire Elementalist began the quest for
                  | the Orb.
     0 | D:1      | Reached XP level 1. HP: 10/10 MP: 6/6
   233 | D:1      | Reached XP level 2. HP: 15/15 MP: 6/8
   273 | D:1      | Found a faded altar of an unknown god.
   847 | D:2      | Reached XP level 3. HP: 16/19 MP: 7/10
  1176 | D:2      | Reached XP level 4. HP: 24/24 MP: 10/12
  1428 | D:2      | Noticed Natasha
  1436 | D:2      | Killed Natasha
  1760 | D:3      | Learned a level 2 spell: Scorch
  2276 | D:3      | Reached XP level 5. HP: 21/28 MP: 11/13
  2686 | D:4      | Reached skill level 1 in Ranged Weapons
  2775 | D:4      | Reached skill level 5 in Spellcasting
  2775 | D:4      | Reached skill level 1 in Evocations
  2777 | D:4      | Noticed Robin
  2782 | D:4      | Reached XP level 6. HP: 29/32 MP: 5/15
  2793 | D:4      | Killed Robin
  2960 | D:4      | Reached skill level 5 in Fire Magic
  3015 | D:4      | Noticed an ice beast
  3019 | D:4      | Killed an ice beast
  3096 | D:4      | Reached skill level 5 in Dodging
  3185 | D:4      | Slain by a black bear

Illustrated notes

Levels and vault maps discovered:
D:1:      wander_arrival_desolate, layout_loops_ring,
          nicolae_ecumenical_lake_church
D:2:      layout_basic, uniq_natasha
D:3:      layout_loops_ring, serial_rivers, chequers_serial_rivers_small_b,
          chequers_serial_rivers_small_3, chequers_serial_rivers_micro_d,
          chequers_serial_rivers_micro_a, chequers_serial_rivers_room_b
D:4:      layout_rooms, gammafunk_ghost_mausoleum, minmay_lizard_king,
          uniq_robin

Skill      XL: |  1  2  3  4  5  6 |
---------------+-------------------+-----
Dodging        | 3 4 5 |  5.0
Spellcasting   | 4 5 |  5.6
Fire Magic     | 4 5 |  5.2
Ranged Weapons | 1 |  1.1
Evocations     | 1 2 |  2.1
Stealth        | |  2.7
Conjurations   | |  1.4

Action                     |  1- 3 |  4- 6 || total
---------------------------+-------+-------++-------
  Melee: Unarmed           |     2 |       ||     2
         Staff             |       |    15 ||    15
   Fire: Arbalest          |       |    37 ||    37
   Cast: Foxfire           |    49 |    79 ||   128
         Scorch            |       |     3 ||     3
    Use: Scroll            |     4 |     1 ||     5
 Armour: Robe              |     4 |    18 ||    22
  Dodge: Dodged            |    22 |    62 ||    84
  Block: Buckler           |       |     5 ||     5
